 Dungeon Crawl Stone Soup version 0.19.5 (webtiles) character file.

155 equalderp2856 the Scratcher (level 5, -4/24 HPs)
             Began as a Felid Fighter on Mar 29, 2017.
             Slain by Grinder (6 damage)
             ... on level 4 of the Dungeon.
             The game lasted 00:08:27 (4968 turns).

equalderp2856 the Scratcher (Felid Fighter)         Turns: 4968, Time: 00:08:28

Health: -4/24      AC:  2    Str: 14    XL:     5   Next: 14%
Magic:  6/6        EV: 20    Int: 10    God:
Gold:   199        SH:  0    Dex: 15    Spells: 0 memorised, 4 levels left
                                        Lives:  0   Deaths: 1

rFire  . . .     SeeInvis +       - Unarmed
rCold  . . .     Gourm    .     (armour unavailable)
rNeg   . . .     Faith    .     (shield unavailable)
rPois  .         Spirit   .     (helmet unavailable)
rElec  .         Reflect  .     (cloak unavailable)
rCorr  .         Harm     .     (gloves unavailable)
MR     .....                    (boots unavailable)
Stlth  +++.......               (no amulet)
                                (no ring)
                                (no ring)

@: quick
A: no armour, no weapons or thrown items, stealth, claws 1, fangs 3, see
invisible, carnivore 3, speed 1, shaggy fur 2, slow metabolism 1, sharp paws
a: no special abilities


You were on level 4 of the Dungeon.
You were not hungry.

You visited 1 branch of the dungeon, and saw 4 of its levels.

You collected 199 gold pieces.

Inventory:

Scrolls
 c - 4 scrolls of identify {unknown}
 d - 2 scrolls of remove curse {unknown}
 e - a scroll of enchant weapon {unknown}
 g - a scroll of random uselessness {unknown}
 h - a scroll of amnesia {unknown}
 i - a scroll of fear {unknown}
 j - a scroll of magic mapping {unknown}
 l - a scroll of immolation {unknown}
Potions
 a - 3 potions of might
 m - a potion of heal wounds {unknown}
Comestibles
 b - 3 meat rations
 f - a slice of pizza
 k - 2 fruits


   Skills:
 + Level 3.4 Fighting
 + Level 5.0 Dodging
 + Level 3.6 Stealth
 + Level 6.2 Unarmed Combat


You had 4 spell levels left.
You didn't know any spells.

Dungeon Overview and Level Annotations

Branches:
Dungeon (4/15)
 Temple: D:4-7

Altars:

Annotations:
D:4 Grinder


Innate Abilities, Weirdness & Mutations

You cannot wear armour.
You are incapable of wielding weapons or throwing items.
Your paws allow you to move quietly. (Stealth)
You have sharp claws.
You have razor-sharp teeth.
You have supernaturally acute eyesight. (SInv)
You are carnivorous and can eat meat at any time.
You cover ground quickly.
You are covered in thick fur. (AC +2)
You have a slow metabolism.
Your sharp claws are effective at attacking unaware monsters.


Message History

Grinder is heavily wounded.
Grinder hits you!
You writhe in agony.
You scratch Grinder.
Grinder is severely wounded.
Grinder barely misses you.
You scratch Grinder but do no damage.
Grinder is severely wounded.
Grinder gestures at you. Pain shoots through your body!
* * * LOW HITPOINT WARNING * * *
You barely miss Grinder.
Grinder is severely wounded.
Grinder misses you.
You closely miss Grinder.
Grinder is severely wounded.
Grinder completely misses you.
You scratch Grinder but do no damage.
Grinder is severely wounded.
Grinder hits you.
You die...

#........## ##.... #.###......
....# #.#......## #...#
#.#.##..## #.# #...# #......##
#.# #...########)######
###?####### #.....†...((......##
. ........####..5####(.)###..#.##
###..##.........@.......# #..#.##
........................###......
.#...........................#.##
.##..#.# .####...####........#.##
.....#.##.# #.........###......##
.##..<..<.# #.....##### #.######
.##.##.#### #.....# #.# ..... .#
##...## ##.## ## ....###### #...#
#...#####.


You could see Grinder.

Vanquished Creatures
  A crimson imp (D:4)
  2 orc wizards (D:4)
  7 gnolls (D:3)
  5 adders (D:2)
  6 worms
  3 leopard geckos
  9 orcs
  2 ball pythons
  3 giant cockroaches
  4 goblins
  11 hobgoblins
  4 kobolds
  A quokka (D:2)
  7 bats
  5 frilled lizards
  6 rats
76 creatures vanquished.

Notes
Turn   | Place    | Note
-------+----------+-------------------------------------------
     0 | D:1      | equalderp2856 the Felid Fighter began the quest for the Orb.
     0 | D:1      | Reached XP level 1. HP: 10/10 MP: 2/2
   148 | D:1      | Reached XP level 2. HP: 14/14 MP: 3/3
  1313 | D:2      | Reached XP level 3. HP: 17/17 MP: 4/4
  2093 | D:2      | Reached skill level 1 in Stealth
  2365 | D:2      | Reached XP level 4. HP: 15/21 MP: 5/5
  2576 | D:2      | Reached skill level 5 in Unarmed Combat
  3235 | D:3      | Reached XP level 5. HP: 24/24 MP: 6/6
  4332 | D:4      | Noticed Grinder
  4603 | D:4      | Reached skill level 6 in Unarmed Combat
  4809 | D:4      | Reached skill level 5 in Dodging
  4809 | D:4      | Gained mutation: You are covered in thick fur. (AC +2) [Felid growth]
  4809 | D:4      | Reached XP level 6. HP: 19/28 MP: 7/7
  4943 | D:4      | Slain by Grinder
  4944 | D:4      | Reached XP level 5. HP: 0/24 MP: 6/6
  4968 | D:4      | Slain by Grinder

Skill      XL: |  1  2  3  4  5 |
---------------+----------------+-----
Stealth        | 1 2 3 |  3.6
Unarmed Combat | 5 6 |  6.2
Dodging        | 5 |  5.0
Fighting       | |  3.4

Action                   |  1- 3 |  4- 6 || total
-------------------------+-------+-------++-------
Melee: Unarmed           |   104 |   152 ||   256
       Bite              |     7 |    13 ||    20
       Punch             |     2 |     5 ||     7
  Use: Potion            |     1 |       ||     1
 Stab: Sleeping          |     1 |     1 ||     2
  Eat: Chunk             |     6 |     6 ||    12
Armor: Skin              |     1 |     5 ||     6
Dodge: Dodged            |    81 |   108 ||   189
